Blue Jackets vs Maple Leafs (R1)

Created - May 31, 2017 at 23:07

Goals
1 2 3 T
Blue Jackets 0 0 1 1
Maple Leafs 1 0 4 5
Shots
1 2 3 T
Blue Jackets 7 5 7 19
Maple Leafs 12 9 10 31

1st period

1. Maple Leafs , Colby Armstrong 1 (Jordan Staal 1, Fabian Brunnstrom 1) at 0:20

Penalties :
Jamie McBain (Tor) for Tripping (Minor) at 2:12, Braydon Coburn (Tor) for Tripping (Minor) at 11:42, Mike York (Clb) for Roughing (Minor) at 14:58, Tobias Enstrom (Tor) for Hooking (Minor) at 19:40

2nd period

No Goal

Penalties :
Pavel Datsyuk (Clb) for Tripping (Minor) at 4:18, Tobias Enstrom (Tor) for Holding Stick (Minor) at 8:10, Colby Armstrong (Tor) for Slashing (Minor) at 10:24, Brooks Orpik (Clb) for Cross-checking (Minor) at 16:07

3rd period

2. Blue Jackets , Marcus Nilson 1 (Dave Steckel 1) at 3:11
3. Maple Leafs , Evgeni Malkin 1 (Claude Giroux 1) at 3:24
4. Maple Leafs , Fabian Brunnstrom 1 (Braydon Coburn 1, Tobias Enstrom 2) at 4:13
5. Maple Leafs , Evgeni Malkin 2 (Claude Giroux 2) at 8:53 (PP)
6. Maple Leafs , Fabian Brunnstrom 2 (Jordan Staal 2, Taylor Chorney 1) at 16:33 (PP)

Penalties :
Colby Armstrong (Tor) for Cross-checking (Minor) at 0:52, Pavel Datsyuk (Clb) for Delaying the game (Minor) at 4:20, Marcus Nilson (Clb) for High sticking (Minor) at 8:36, Martin Havlat (Clb) for Cross-checking (Minor) at 15:05, Martin Havlat (Clb) for Roughing (Minor) at 16:57

Goalie Stats

Rick DiPietro (Clb), 26 saves from 31 shots - (0.839), L, 1-1-0, 60:00 minutes
Marc-André Fleury (Tor), 18 saves from 19 shots - (0.947), W, 1-1-0, 60:00 minutes

Players Stats for Blue Jackets

Player Name              G  A  P  +/- PIM S  H  SB GA TA FO     MP     PP MP  PK MP  
------------------------------------------------------------------------------------
A.J Thelen               0  0  0   0  0   0  0  0  0  0  0/0     4:11   0:00   0:00 
Andreas Nodl             0  0  0   1  0   0  0  0  0  0  0/1    10:24   0:00   0:00 
Branislav Mezei          0  0  0  -2  0   2  2  0  0  1  0/0    28:23   7:51   6:23 
Brooks Orpik             0  0  0   0  2   1  1  1  0  0  0/0     8:40   0:00   0:00 
Cory Emmerton            0  0  0   0  0   0  0  0  1  0  1/5     6:53   0:00   3:16 
Dave Steckel             0  1  1   1  0   0  1  1  0  0  1/7    12:36   0:00   2:00 
David Booth              0  0  0  -1  0   1  0  1  0  1  1/3    22:22   7:29   4:23 
François Beauchemin      0  0  0   0  0   0  0  2  0  1  0/0    19:08   4:03   5:17 
Jan Bulis                0  0  0  -2  0   0  1  0  1  0  5/11   17:36   4:25   0:19 
Kevin Bieksa             0  0  0   0  0   0  0  0  0  1  0/0    19:08   4:03   5:17 
Marcus Nilson            1  0  1   1  2   2  0  0  0  0  0/0    11:48   0:00   0:41 
Martin Havlat            0  0  0  -2  4   2  3  1  0  2  1/1    18:30   4:25   1:26 
Mike Commodore           0  0  0   0  0   0  0  0  0  0  0/0     8:36   0:00   0:00 
Mike Lundin              0  0  0  -2  0   2  0  2  2  2  0/0    28:22   7:51   6:23 
Mike York                0  0  0  -2  2   3  0  2  0  0  0/1    16:28   4:25   0:00 
Patric Hornqvist         0  0  0  -1  0   4  2  0  2  0  0/2    26:14   7:29   6:38 
Pavel Datsyuk            0  0  0  -1  4   2  2  2  0  0  10/31  25:00   7:29   4:37 
Tyler Sloan              0  0  0   0  0   0  1  0  0  0  0/0     3:54   0:00   0:00 

Players Stats for Maple Leafs

Player Name              G  A  P  +/- PIM S  H  SB GA TA FO     MP     PP MP  PK MP  
------------------------------------------------------------------------------------
Alexander Frolov         0  0  0   1  0   2  1  0  0  0  0/0    22:09   5:57   4:21 
Blake Comeau             0  0  0   0  0   0  0  0  0  0  0/1     7:47   0:00   1:45 
Braydon Coburn           0  1  1   2  2   1  2  1  0  0  0/0    29:08   7:06   6:08 
Claude Giroux            0  2  2   1  0   2  1  2  0  0  8/14   24:33   5:57   7:03 
Colby Armstrong          1  0  1   1  4   6  2  0  1  0  0/0    16:06   5:42   0:00 
Eric Nystrom             0  0  0   0  0   0  1  0  0  0  0/0     8:49   0:01   0:09 
Evgeni Malkin            2  0  2   1  0   9  1  1  0  1  19/28  24:08   5:55   6:46 
Fabian Brunnstrom        2  1  3   1  0   4  1  0  1  1  0/1    15:37   5:42   0:00 
Jamie McBain             0  0  0   0  2   0  0  0  1  1  0/0    10:44   0:00   0:00 
Jordan Staal             0  2  2   1  0   0  3  0  0  0  10/12  19:52   5:42   3:44 
Justin Abdelkader        0  0  0   0  0   0  0  0  1  0  0/0     5:46   0:00   0:00 
Justin Schultz           0  0  0   0  0   0  1  1  0  0  0/0    14:16   0:00   3:24 
Marc-Édouard Vlasic      0  0  0   0  0   2  1  0  2  2  0/0    20:26   4:34   5:05 
Michael Grabner          0  0  0   0  0   1  2  0  0  0  0/0     8:43   0:04   0:00 
Rob Schremp              0  0  0   0  0   0  1  0  0  0  3/3     5:46   0:00   0:00 
Taylor Chorney           0  1  1   0  0   3  0  1  1  1  0/0    19:21   4:34   5:00 
Tobias Enstrom           0  1  1   2  4   0  1  1  1  0  0/0    26:18   7:06   4:11 
Zac Dalpe                0  0  0   0  0   1  2  0  0  0  3/3     8:31   0:00   0:00 

3 Stars

1 - Fabian Brunnstrom (Tor)
2 - Evgeni Malkin (Tor)
3 - Jordan Staal (Tor)

Power Play

Blue Jackets - 0 on 6 Attempt(s) - 0.00%
Maple Leafs - 2 on 7 Attempt(s) - 28.57%

Penalty Kill

Blue Jackets - 5 on 7 Attempt(s) - 71.43% - Score 0 goal in Penalty Kill
Maple Leafs - 6 on 6 Attempt(s) - 100.00% - Score 0 goal in Penalty Kill

Team Stat

Blue Jackets - Hits : 13 - Faceoff Wins : 19 - Blocked Shots : 12 - Penalty Minutes : 14
Maple Leafs - Hits : 20 - Faceoff Wins : 43 - Blocked Shots : 7 - Penalty Minutes : 12

Official

Referees : Walsh Ian and Banfield David
Linesman : Brian Mach and David Brisebois

Game Notes

Mike York is injured at 19:16 of 3rd period (Bruised Right Shoulder)

Finance

Level 1 -- Attendance: 6000 (100.00%) -- Ticket Income $510,000
Level 2 -- Attendance: 5000 (100.00%) -- Ticket Income $250,000
Level 3 -- Attendance: 2000 (100.00%) -- Ticket Income $62,000
Level 4 -- Attendance: 4000 (100.00%) -- Ticket Income $80,000
Luxury Box -- Attendance: 1000 (100.00%) -- Ticket Income $150,000
Game was played at the Maple Leafs Garden.
Total Attendance: 18000 (100.00%)
Total Ticket Income: $1,052,000
Other Income: $157,800
Total Income: $1,209,800

Blue Jackets

5 vs 5 Forward 
   Center                   Left Wing                Right Wing               Time % Phy DF OF 
 1 Pavel Datsyuk            David Booth              Patric Hornqvist         40     1   2  2  
 2 Jan Bulis                Mike York                Martin Havlat            30     1   2  2  
 3 Dave Steckel             Marcus Nilson            Andreas Nodl             20     1   2  2  
 4 Cory Emmerton            Pavel Datsyuk            Patric Hornqvist         10     1   2  2  

5 vs 5 Defense 
   Defense                  Defense                                           Time % Phy DF OF 
 1 Branislav Mezei          Mike Lundin                                       40     1   2  2  
 2 Kevin Bieksa             François Beauchemin                               30     1   2  2  
 3 Brooks Orpik             Mike Commodore                                    20     1   2  2  
 4 Tyler Sloan              A.J Thelen                                        10     1   2  2  

PowerPlay Forward 
   Center                   Left Wing                Right Wing               Time % Phy DF OF 
 1 Pavel Datsyuk            David Booth              Patric Hornqvist         60     1   2  2  
 2 Jan Bulis                Mike York                Martin Havlat            40     1   2  2  

PowerPlay Defense
   Defense                  Defense                                           Time % Phy DF OF 
 1 Branislav Mezei          Mike Lundin                                       60     1   2  2  
 2 Kevin Bieksa             François Beauchemin                               40     1   2  2  

Penalty Kill 4 Players Forward 
   Center                   Wing                     Time % Phy DF OF 
 1 Pavel Datsyuk            Patric Hornqvist         60     1   2  2  
 2 David Booth              Martin Havlat            40     1   2  2  

Penalty Kill 4 Players Defense
   Defense                  Defense                  Time % Phy DF OF 
 1 Branislav Mezei          Mike Lundin              60     1   2  2  
 2 Kevin Bieksa             François Beauchemin      40     1   2  2  

Penalty Kill - 3 Players Forward 
   Forward                                           Time % Phy DF OF 
 1 Pavel Datsyuk                                     60     1   2  2  
 2 Patric Hornqvist                                  40     1   2  2  

Penalty Kill - 3 Players Defense
   Defense                  Defense                  Time % Phy DF OF 
 1 Branislav Mezei          Mike Lundin              60     1   2  2  
 2 Kevin Bieksa             François Beauchemin      40     1   2  2  

4 vs 4 Forward 
   Center                   Wing                     Time % Phy DF OF 
 1 Pavel Datsyuk            Patric Hornqvist         60     1   2  2  
 2 David Booth              Martin Havlat            40     1   2  2  

4 vs 4 Defense
   Defense                  Defense                  Time % Phy DF OF 
 1 Branislav Mezei          Mike Lundin              60     1   2  2  
 2 Kevin Bieksa             François Beauchemin      40     1   2  2  

Last Minutes Offensive
   Center                   Left Wing                Right Wing               Defense                  Defense                  
   Pavel Datsyuk            David Booth              Patric Hornqvist         Branislav Mezei          Mike Lundin              

Last Minutes Defensive
   Center                   Left Wing                Right Wing               Defense                  Defense                  
   Pavel Datsyuk            David Booth              Patric Hornqvist         Branislav Mezei          Mike Lundin              

Goaltenders
Starting : Rick DiPietro            
Backup : Niklas Backstrom         

Extra Forwards
Normal : Marcus Nilson, Dave Steckel, Cory Emmerton - PP : Marcus Nilson, Dave Steckel - PK : Cory Emmerton
Extra Defensemen
Normal : Brooks Orpik, Mike Commodore, Tyler Sloan - PP : Brooks Orpik - PK : Mike Commodore, Tyler Sloan
Penalty Shots
Pavel Datsyuk, Patric Hornqvist, David Booth, Martin Havlat, Mike York

Scratches
Jason Ward (Healthy), Jeff Taffe (Abdominal Strain Injury), Mike York (Bruised Right Shoulder Injury), Tomas Kurka (Healthy)

Maple Leafs

5 vs 5 Forward 
   Center                   Left Wing                Right Wing               Time % Phy DF OF 
 1 Evgeni Malkin            Alexander Frolov         Claude Giroux            40     1   2  2  
 2 Jordan Staal             Fabian Brunnstrom        Colby Armstrong          30     1   2  2  
 3 Zac Dalpe                Eric Nystrom             Michael Grabner          20     1   2  2  
 4 Rob Schremp              Justin Abdelkader        Blake Comeau             10     1   2  2  

5 vs 5 Defense 
   Defense                  Defense                                           Time % Phy DF OF 
 1 Tobias Enstrom           Braydon Coburn                                    40     1   2  2  
 2 Taylor Chorney           Marc-Édouard Vlasic                               30     1   2  2  
 3 Jamie McBain             Justin Schultz                                    20     1   2  2  
 4 Tobias Enstrom           Braydon Coburn                                    10     1   2  2  

PowerPlay Forward 
   Center                   Left Wing                Right Wing               Time % Phy DF OF 
 1 Evgeni Malkin            Alexander Frolov         Claude Giroux            60     1   2  2  
 2 Jordan Staal             Fabian Brunnstrom        Colby Armstrong          40     1   2  2  

PowerPlay Defense
   Defense                  Defense                                           Time % Phy DF OF 
 1 Tobias Enstrom           Braydon Coburn                                    60     1   2  2  
 2 Taylor Chorney           Marc-Édouard Vlasic                               40     1   2  2  

Penalty Kill 4 Players Forward 
   Center                   Wing                     Time % Phy DF OF 
 1 Claude Giroux            Evgeni Malkin            60     1   2  2  
 2 Alexander Frolov         Jordan Staal             40     1   2  2  

Penalty Kill 4 Players Defense
   Defense                  Defense                  Time % Phy DF OF 
 1 Tobias Enstrom           Braydon Coburn           60     1   2  2  
 2 Taylor Chorney           Marc-Édouard Vlasic      40     1   2  2  

Penalty Kill - 3 Players Forward 
   Forward                                           Time % Phy DF OF 
 1 Claude Giroux                                     60     1   2  2  
 2 Evgeni Malkin                                     40     1   2  2  

Penalty Kill - 3 Players Defense
   Defense                  Defense                  Time % Phy DF OF 
 1 Tobias Enstrom           Braydon Coburn           60     1   2  2  
 2 Taylor Chorney           Marc-Édouard Vlasic      40     1   2  2  

4 vs 4 Forward 
   Center                   Wing                     Time % Phy DF OF 
 1 Claude Giroux            Evgeni Malkin            60     1   2  2  
 2 Alexander Frolov         Jordan Staal             40     1   2  2  

4 vs 4 Defense
   Defense                  Defense                  Time % Phy DF OF 
 1 Tobias Enstrom           Braydon Coburn           60     1   2  2  
 2 Taylor Chorney           Marc-Édouard Vlasic      40     1   2  2  

Last Minutes Offensive
   Center                   Left Wing                Right Wing               Defense                  Defense                  
   Evgeni Malkin            Alexander Frolov         Claude Giroux            Tobias Enstrom           Braydon Coburn           

Last Minutes Defensive
   Center                   Left Wing                Right Wing               Defense                  Defense                  
   Evgeni Malkin            Alexander Frolov         Claude Giroux            Tobias Enstrom           Braydon Coburn           

Goaltenders
Starting : Marc-André Fleury        
Backup : Alex Stalock             

Extra Forwards
Normal : Michael Grabner, Eric Nystrom, Blake Comeau - PP : Michael Grabner, Eric Nystrom - PK : Blake Comeau
Extra Defensemen
Normal : Jamie McBain, Justin Schultz, Taylor Chorney - PP : Jamie McBain - PK : Justin Schultz, Taylor Chorney
Penalty Shots
Claude Giroux, Evgeni Malkin, Alexander Frolov, Jordan Staal, Fabian Brunnstrom

Scratches
Ryan Craig (Healthy)

% Time on Ice - Blue Jackets

Lines # - Real PCT - Wanted PCT - Time Play
Normal Forward
1 - 31% - 40% - 11:07
2 - 34% - 30% - 12:24
3 - 28% - 20% - 10:11
4 - 8% - 10% - 2:44
Normal Defense
1 - 39% - 40% - 14:08
2 - 27% - 30% - 9:48
3 - 24% - 20% - 8:36
4 - 11% - 10% - 3:54
PP Forward
1 - 63% - 60% - 7:29
2 - 37% - 40% - 4:25
PP Defense
1 - 66% - 60% - 7:51
2 - 34% - 40% - 4:03
PK Forward
1 - 77% - 60% - 8:58
2 - 23% - 40% - 2:42
PK Defense
1 - 55% - 60% - 6:23
2 - 45% - 40% - 5:17
PK3 Forward
1 - 0% - 60%
2 - 0% - 40%
PK3 Defense
1 - 0% - 60%
2 - 0% - 40%
44 Forward
1 - 0% - 60%
2 - 0% - 40%
44 Defense
1 - 0% - 60%
2 - 0% - 40%
Last Minute Offensive  - 0:00
Last Minute Defensive  - 0:00
Total
Forward - 60:00
Defense - 60:00

% Time on Ice - Maple Leafs

Lines # - Real PCT - Wanted PCT - Time Play
Normal Forward
1 - 34% - 40% - 12:13
2 - 27% - 30% - 9:56
3 - 23% - 20% - 8:31
4 - 16% - 10% - 5:46
Normal Defense
1 - 44% - 40% - 15:55
2 - 27% - 30% - 9:47
3 - 29% - 20% - 10:44
4 - 0% - 10% - 0:00
PP Forward
1 - 51% - 60% - 5:58
2 - 49% - 40% - 5:42
PP Defense
1 - 61% - 60% - 7:06
2 - 39% - 40% - 4:34
PK Forward
1 - 70% - 60% - 8:20
2 - 30% - 40% - 3:34
PK Defense
1 - 58% - 60% - 6:54
2 - 42% - 40% - 5:00
PK3 Forward
1 - 0% - 60%
2 - 0% - 40%
PK3 Defense
1 - 0% - 60%
2 - 0% - 40%
44 Forward
1 - 0% - 60%
2 - 0% - 40%
44 Defense
1 - 0% - 60%
2 - 0% - 40%
Last Minute Offensive  - 0:00
Last Minute Defensive  - 0:00
Total
Forward - 60:00
Defense - 60:00

Play by Play

1st period


0:01 of 1st period - Pavel Datsyuk wins face-off versus Evgeni Malkin in neutral zone.
0:06 of 1st period - Snap shot by Pavel Datsyuk.
0:06 of 1st period - Shot Misses the Net.
0:12 of 1st period - Wrist shot by Evgeni Malkin.
0:12 of 1st period - Shot Blocked by Mike Lundin.
0:14 of 1st period - Slapshot by Braydon Coburn.
0:14 of 1st period - Deflect By Claude Giroux.
0:14 of 1st period - Shot Misses the Net.
0:14 of 1st period - Puck is out of play.
0:15 of 1st period - Jordan Staal wins face-off versus Jan Bulis in Blue Jackets zone.
0:18 of 1st period - Wrist shot by Jordan Staal.
0:18 of 1st period - Shot Blocked by François Beauchemin.
0:20 of 1st period - Snap shot by Colby Armstrong.
0:20 of 1st period - Goal by Colby Armstrong - Blue Jackets : 0 - Maple Leafs : 1.
0:21 of 1st period - Zac Dalpe wins face-off versus Dave Steckel in neutral zone.
0:26 of 1st period - Mike Commodore is hit by Zac Dalpe and loses puck.
0:37 of 1st period - Snap shot by Andreas Nodl.
0:37 of 1st period - Deflect By Jamie McBain.
0:37 of 1st period - Shot Misses the Net.
0:37 of 1st period - Puck is out of play.
0:38 of 1st period - Jordan Staal wins face-off versus Mike York in Maple Leafs zone.
1:14 of 1st period - Wrist shot by Evgeni Malkin.
1:14 of 1st period - Shot Blocked by François Beauchemin.
1:16 of 1st period - Slapshot by Alexander Frolov.
1:16 of 1st period - Stopped by Rick DiPietro without a rebound.
1:17 of 1st period - Rob Schremp wins face-off versus Cory Emmerton in Blue Jackets zone.
1:51 of 1st period - Dave Steckel is hit by Evgeni Malkin and loses puck.
2:12 of 1st period - Minor Penalty to Jamie McBain for Tripping.
2:13 of 1st period - Claude Giroux wins face-off versus Pavel Datsyuk in Maple Leafs zone.
2:25 of 1st period - Snap shot by Patric Hornqvist.
2:25 of 1st period - Stopped by Marc-André Fleury with a rebound.
2:27 of 1st period - Slapshot by David Booth.
2:27 of 1st period - Stopped by Marc-André Fleury without a rebound.
2:28 of 1st period - Claude Giroux wins face-off versus Pavel Datsyuk in Maple Leafs zone.
4:12 of 1st period - Penalty to Jamie McBain is over, Jamie McBain is back on ice.
4:18 of 1st period - Slapshot by Michael Grabner.
4:18 of 1st period - Stopped by Rick DiPietro with a rebound.
4:49 of 1st period - Dave Steckel is hit by Justin Schultz and loses puck.
5:18 of 1st period - Martin Havlat is hit by Eric Nystrom and loses puck.
5:22 of 1st period - Icing by Martin Havlat.
5:23 of 1st period - Evgeni Malkin wins face-off versus Jan Bulis in Blue Jackets zone.
5:31 of 1st period - Icing by Tyler Sloan.
5:32 of 1st period - Jan Bulis wins face-off versus Evgeni Malkin in Blue Jackets zone.
6:46 of 1st period - Slapshot by Martin Havlat.
6:46 of 1st period - Shot Misses the Net.
6:48 of 1st period - Snap shot by Martin Havlat.
6:48 of 1st period - Shot Blocked by Taylor Chorney.
6:50 of 1st period - Wrist shot by Martin Havlat.
6:50 of 1st period - Stopped by Marc-André Fleury without a rebound.
6:51 of 1st period - Jordan Staal wins face-off versus Pavel Datsyuk in Maple Leafs zone.
6:51 of 1st period - Jordan Staal is hit by Patric Hornqvist.
6:59 of 1st period - Mike Lundin is hit by Jordan Staal.
7:03 of 1st period - Snap shot by Pavel Datsyuk.
7:03 of 1st period - Shot Blocked by Braydon Coburn.
7:05 of 1st period - Snap shot by Patric Hornqvist.
7:05 of 1st period - Shot Misses the Net.
7:19 of 1st period - Wrist shot by Michael Grabner.
7:19 of 1st period - Shot Misses the Net.
8:03 of 1st period - Wrist shot by Braydon Coburn.
8:03 of 1st period - Deflect By François Beauchemin.
8:03 of 1st period - Stopped by Rick DiPietro with a rebound.
9:40 of 1st period - Justin Schultz is hit by Tyler Sloan and loses puck.
9:47 of 1st period - Patric Hornqvist is hit by Colby Armstrong and loses puck.
10:04 of 1st period - Tyler Sloan is hit by Rob Schremp and loses puck.
10:34 of 1st period - Michael Grabner is hit by Brooks Orpik.
10:51 of 1st period - Slapshot by Marc-Édouard Vlasic.
10:51 of 1st period - Deflect By Claude Giroux.
10:51 of 1st period - Shot Blocked by David Booth.
10:51 of 1st period - Puck is out of play.
10:52 of 1st period - Jan Bulis wins face-off versus Evgeni Malkin in Blue Jackets zone.
10:52 of 1st period - Jan Bulis is hit by Claude Giroux.
11:33 of 1st period - François Beauchemin is hit by Tobias Enstrom and loses puck.
11:42 of 1st period - Minor Penalty to Braydon Coburn for Tripping.
11:43 of 1st period - Claude Giroux wins face-off versus Pavel Datsyuk in Maple Leafs zone.
11:49 of 1st period - Off-side.
11:50 of 1st period - Pavel Datsyuk wins face-off versus Claude Giroux in neutral zone.
12:11 of 1st period - Snap shot by Pavel Datsyuk.
12:11 of 1st period - Stopped by Marc-André Fleury with a rebound.
12:29 of 1st period - Slapshot by Patric Hornqvist.
12:29 of 1st period - Shot Blocked by Tobias Enstrom.
12:45 of 1st period - Evgeni Malkin is hit by Patric Hornqvist and loses puck.
13:16 of 1st period - Snap shot by David Booth.
13:16 of 1st period - Shot Misses the Net.
13:42 of 1st period - Penalty to Braydon Coburn is over, Braydon Coburn is back on ice.
13:43 of 1st period - Wrist shot by Patric Hornqvist.
13:43 of 1st period - Deflect By Alexander Frolov.
13:43 of 1st period - Stopped by Marc-André Fleury without a rebound.
13:44 of 1st period - Jan Bulis wins face-off versus Jordan Staal in Maple Leafs zone.
13:45 of 1st period - Wrist shot by Martin Havlat.
13:45 of 1st period - Shot Misses the Net.
14:01 of 1st period - François Beauchemin is hit by Colby Armstrong and loses puck.
14:16 of 1st period - Wrist shot by Marcus Nilson.
14:16 of 1st period - Stopped by Marc-André Fleury without a rebound.
14:17 of 1st period - Evgeni Malkin wins face-off versus Dave Steckel in Maple Leafs zone.
14:34 of 1st period - Slapshot by Evgeni Malkin.
14:34 of 1st period - Stopped by Rick DiPietro without a rebound.
14:35 of 1st period - Jordan Staal wins face-off versus Jan Bulis in Blue Jackets zone.
14:38 of 1st period - Wrist shot by Colby Armstrong.
14:38 of 1st period - Stopped by Rick DiPietro with a rebound.
14:40 of 1st period - Snap shot by Fabian Brunnstrom.
14:40 of 1st period - Stopped by Rick DiPietro with a rebound.
14:48 of 1st period - Snap shot by Fabian Brunnstrom.
14:48 of 1st period - Stopped by Rick DiPietro with a rebound.
14:50 of 1st period - Snap shot by Colby Armstrong.
14:50 of 1st period - Shot Misses the Net.
14:58 of 1st period - Minor Penalty to Mike York for Roughing.
14:59 of 1st period - Evgeni Malkin wins face-off versus Pavel Datsyuk in Blue Jackets zone.
15:46 of 1st period - Icing by Jordan Staal.
15:47 of 1st period - David Booth wins face-off versus Evgeni Malkin in Maple Leafs zone.
16:58 of 1st period - Penalty to Mike York is over, Mike York is back on ice.
17:17 of 1st period - Eric Nystrom is hit by Martin Havlat and loses puck.
17:46 of 1st period - Justin Schultz is hit by Pavel Datsyuk and loses puck.
18:23 of 1st period - Snap shot by Evgeni Malkin.
18:23 of 1st period - Stopped by Rick DiPietro with a rebound.
18:46 of 1st period - Wrist shot by Colby Armstrong.
18:46 of 1st period - Stopped by Rick DiPietro without a rebound.
18:47 of 1st period - Jordan Staal wins face-off versus Dave Steckel in Blue Jackets zone.
18:56 of 1st period - Slapshot by Jordan Staal.
18:56 of 1st period - Shot Blocked by Mike Lundin.
18:58 of 1st period - Snap shot by Colby Armstrong.
18:58 of 1st period - Stopped by Rick DiPietro with a rebound.
19:00 of 1st period - Slapshot by Taylor Chorney.
19:00 of 1st period - Shot Blocked by Dave Steckel.
19:02 of 1st period - Slapshot by Marc-Édouard Vlasic.
19:02 of 1st period - Stopped by Rick DiPietro with a rebound.
19:14 of 1st period - Marc-Édouard Vlasic is hit by Martin Havlat and loses puck.
19:28 of 1st period - Icing by Claude Giroux.
19:29 of 1st period - Evgeni Malkin wins face-off versus Pavel Datsyuk in Maple Leafs zone.
19:33 of 1st period - Off-side.
19:34 of 1st period - Pavel Datsyuk wins face-off versus Evgeni Malkin in neutral zone.
19:40 of 1st period - Minor Penalty to Tobias Enstrom for Hooking.
19:41 of 1st period - Pavel Datsyuk wins face-off versus Claude Giroux in Maple Leafs zone.
19:46 of 1st period - Wrist shot by Pavel Datsyuk.
19:46 of 1st period - Shot Misses the Net.
19:48 of 1st period - Wrist shot by Pavel Datsyuk.
19:48 of 1st period - Shot Misses the Net.
19:50 of 1st period - Backhand shot by Mike Lundin.
19:50 of 1st period - Stopped by Marc-André Fleury with a rebound.
Goals for this period are 0 for Blue Jackets vs 1 for Maple Leafs.
Shots for this period are 7 for Blue Jackets vs 12 for Maple Leafs.

2nd period


0:01 of 2nd period - Pavel Datsyuk wins face-off versus Claude Giroux in neutral zone.
0:08 of 2nd period - Wrist shot by Pavel Datsyuk.
0:08 of 2nd period - Deflect By Patric Hornqvist.
0:08 of 2nd period - Shot Misses the Net.
0:08 of 2nd period - Puck is out of play.
0:09 of 2nd period - Claude Giroux wins face-off versus Pavel Datsyuk in Maple Leafs zone.
0:40 of 2nd period - Snap shot by Mike York.
0:40 of 2nd period - Shot Misses the Net.
0:42 of 2nd period - Backhand shot by Mike Lundin.
0:42 of 2nd period - Stopped by Marc-André Fleury with a rebound.
0:44 of 2nd period - Slapshot by Branislav Mezei.
0:44 of 2nd period - Deflect By Martin Havlat.
0:44 of 2nd period - Stopped by Marc-André Fleury with a rebound.
0:46 of 2nd period - Slapshot by Branislav Mezei.
0:46 of 2nd period - Stopped by Marc-André Fleury with a rebound.
0:48 of 2nd period - Slapshot by Branislav Mezei.
0:48 of 2nd period - Shot Misses the Net.
1:38 of 2nd period - Icing by Jan Bulis.
1:39 of 2nd period - Martin Havlat wins face-off versus Blake Comeau in Blue Jackets zone.
1:40 of 2nd period - Penalty to Tobias Enstrom is over, Tobias Enstrom is back on ice.
1:56 of 2nd period - Icing by Blake Comeau.
1:57 of 2nd period - Jordan Staal wins face-off versus Dave Steckel in Maple Leafs zone.
2:34 of 2nd period - Snap shot by Zac Dalpe.
2:34 of 2nd period - Stopped by Rick DiPietro with a rebound.
2:36 of 2nd period - Snap shot by Michael Grabner.
2:36 of 2nd period - Shot Misses the Net.
2:46 of 2nd period - Backhand shot by Jan Bulis.
2:46 of 2nd period - Shot Blocked by Justin Schultz.
2:52 of 2nd period - Snap shot by Mike York.
2:52 of 2nd period - Shot Misses the Net.
3:49 of 2nd period - Slapshot by Colby Armstrong.
3:49 of 2nd period - Stopped by Rick DiPietro with a rebound.
4:18 of 2nd period - Minor Penalty to Pavel Datsyuk for Tripping.
4:19 of 2nd period - Evgeni Malkin wins face-off versus Cory Emmerton in Blue Jackets zone.
4:20 of 2nd period - Wrist shot by Claude Giroux.
4:20 of 2nd period - Stopped by Rick DiPietro without a rebound.
4:21 of 2nd period - Cory Emmerton wins face-off versus Evgeni Malkin in Blue Jackets zone.
4:21 of 2nd period - Cory Emmerton is hit by Alexander Frolov.
6:18 of 2nd period - Penalty to Pavel Datsyuk is over, Pavel Datsyuk is back on ice.
8:10 of 2nd period - Minor Penalty to Tobias Enstrom for Holding Stick.
8:11 of 2nd period - Claude Giroux wins face-off versus Pavel Datsyuk in Maple Leafs zone.
8:18 of 2nd period - Snap shot by Evgeni Malkin.
8:18 of 2nd period - Stopped by Rick DiPietro without a rebound.
8:19 of 2nd period - Claude Giroux wins face-off versus Pavel Datsyuk in Blue Jackets zone.
8:25 of 2nd period - Icing by Pavel Datsyuk.
8:26 of 2nd period - Claude Giroux wins face-off versus David Booth in Blue Jackets zone.
8:43 of 2nd period - Snap shot by Claude Giroux.
8:43 of 2nd period - Stopped by Rick DiPietro with a rebound.
9:19 of 2nd period - Marc-Édouard Vlasic is hit by Pavel Datsyuk and loses puck.
10:04 of 2nd period - Blake Comeau is hit by Jan Bulis and loses puck.
10:10 of 2nd period - Penalty to Tobias Enstrom is over, Tobias Enstrom is back on ice.
10:24 of 2nd period - Minor Penalty to Colby Armstrong for Slashing.
10:25 of 2nd period - Jan Bulis wins face-off versus Claude Giroux in Maple Leafs zone.
10:33 of 2nd period - Off-side.
10:34 of 2nd period - Jan Bulis wins face-off versus Claude Giroux in neutral zone.
10:37 of 2nd period - Snap shot by Mike York.
10:37 of 2nd period - Stopped by Marc-André Fleury without a rebound.
10:38 of 2nd period - Pavel Datsyuk wins face-off versus Claude Giroux in Maple Leafs zone.
12:24 of 2nd period - Penalty to Colby Armstrong is over, Colby Armstrong is back on ice.
12:37 of 2nd period - Slapshot by Alexander Frolov.
12:37 of 2nd period - Shot Misses the Net.
12:39 of 2nd period - Wrist shot by Jordan Staal.
12:39 of 2nd period - Shot Blocked by Mike York.
12:41 of 2nd period - Slapshot by Marc-Édouard Vlasic.
12:41 of 2nd period - Shot Misses the Net.
12:43 of 2nd period - Slapshot by Jordan Staal.
12:43 of 2nd period - Shot Misses the Net.
12:45 of 2nd period - Slapshot by Taylor Chorney.
12:45 of 2nd period - Deflect By Mike Lundin.
12:45 of 2nd period - Stopped by Rick DiPietro with a rebound.
12:47 of 2nd period - Wrist shot by Colby Armstrong.
12:47 of 2nd period - Stopped by Rick DiPietro with a rebound.
12:49 of 2nd period - Slapshot by Marc-Édouard Vlasic.
12:49 of 2nd period - Shot Misses the Net.
12:51 of 2nd period - Slapshot by Marc-Édouard Vlasic.
12:51 of 2nd period - Stopped by Rick DiPietro with a rebound.
12:53 of 2nd period - Slapshot by Taylor Chorney.
12:53 of 2nd period - Stopped by Rick DiPietro without a rebound.
12:54 of 2nd period - Zac Dalpe wins face-off versus Dave Steckel in Blue Jackets zone.
13:36 of 2nd period - Snap shot by Blake Comeau.
13:36 of 2nd period - Shot Misses the Net.
14:17 of 2nd period - Icing by Jamie McBain.
14:18 of 2nd period - Zac Dalpe wins face-off versus Cory Emmerton in Maple Leafs zone.
14:23 of 2nd period - Patric Hornqvist is hit by Michael Grabner and loses puck.
15:11 of 2nd period - Slapshot by Kevin Bieksa.
15:11 of 2nd period - Shot Misses the Net.
15:13 of 2nd period - Snap shot by Martin Havlat.
15:13 of 2nd period - Shot Misses the Net.
16:07 of 2nd period - Minor Penalty to Brooks Orpik for Cross-checking.
16:08 of 2nd period - Evgeni Malkin wins face-off versus Pavel Datsyuk in Blue Jackets zone.
16:11 of 2nd period - Snap shot by Claude Giroux.
16:11 of 2nd period - Shot Misses the Net.
16:45 of 2nd period - Off-side.
16:46 of 2nd period - Pavel Datsyuk wins face-off versus Evgeni Malkin in neutral zone.
17:29 of 2nd period - Mike Lundin is hit by Braydon Coburn and loses puck.
17:38 of 2nd period - Slapshot by Evgeni Malkin.
17:38 of 2nd period - Shot Misses the Net.
18:07 of 2nd period - Penalty to Brooks Orpik is over, Brooks Orpik is back on ice.
18:16 of 2nd period - Snap shot by Marcus Nilson.
18:16 of 2nd period - Shot Misses the Net.
18:40 of 2nd period - Wrist shot by Rob Schremp.
18:40 of 2nd period - Shot Blocked by Martin Havlat.
19:14 of 2nd period - Braydon Coburn is hit by Dave Steckel and loses puck.
19:34 of 2nd period - Slapshot by Mike York.
19:34 of 2nd period - Stopped by Marc-André Fleury without a rebound.
19:35 of 2nd period - Jordan Staal wins face-off versus Jan Bulis in Maple Leafs zone.
Goals for this period are 0 for Blue Jackets vs 0 for Maple Leafs.
Shots for this period are 5 for Blue Jackets vs 9 for Maple Leafs.

3rd period


0:01 of 3rd period - Evgeni Malkin wins face-off versus Pavel Datsyuk in neutral zone.
0:10 of 3rd period - Snap shot by Claude Giroux.
0:10 of 3rd period - Shot Misses the Net.
0:26 of 3rd period - Jordan Staal is hit by Martin Havlat and loses puck.
0:31 of 3rd period - Snap shot by Mike York.
0:31 of 3rd period - Stopped by Marc-André Fleury without a rebound.
0:32 of 3rd period - Pavel Datsyuk wins face-off versus Fabian Brunnstrom in Maple Leafs zone.
0:43 of 3rd period - Pavel Datsyuk is hit by Jordan Staal and loses puck.
0:52 of 3rd period - Minor Penalty to Colby Armstrong for Cross-checking.
0:53 of 3rd period - Claude Giroux wins face-off versus Pavel Datsyuk in Maple Leafs zone.
2:52 of 3rd period - Penalty to Colby Armstrong is over, Colby Armstrong is back on ice.
2:59 of 3rd period - Snap shot by Brooks Orpik.
2:59 of 3rd period - Shot Misses the Net.
3:01 of 3rd period - Wrist shot by Dave Steckel.
3:01 of 3rd period - Shot Misses the Net.
3:03 of 3rd period - Wrist shot by Marcus Nilson.
3:03 of 3rd period - Shot Misses the Net.
3:07 of 3rd period - Wrist shot by Andreas Nodl.
3:07 of 3rd period - Shot Misses the Net.
3:09 of 3rd period - Slapshot by Brooks Orpik.
3:09 of 3rd period - Stopped by Marc-André Fleury without a rebound.
3:10 of 3rd period - Dave Steckel wins face-off versus Jordan Staal in Maple Leafs zone.
3:11 of 3rd period - Snap shot by Marcus Nilson.
3:11 of 3rd period - Goal by Marcus Nilson - Blue Jackets : 1 - Maple Leafs : 1.
3:12 of 3rd period - Evgeni Malkin wins face-off versus David Booth in neutral zone.
3:24 of 3rd period - Wrist shot by Evgeni Malkin.
3:24 of 3rd period - Goal by Evgeni Malkin - Blue Jackets : 1 - Maple Leafs : 2.
3:25 of 3rd period - Pavel Datsyuk wins face-off versus Evgeni Malkin in neutral zone.
3:30 of 3rd period - Wrist shot by Mike Lundin.
3:30 of 3rd period - Shot Misses the Net.
3:32 of 3rd period - Snap shot by David Booth.
3:32 of 3rd period - Shot Blocked by Claude Giroux.
3:34 of 3rd period - Wrist shot by David Booth.
3:34 of 3rd period - Shot Misses the Net.
3:36 of 3rd period - Wrist shot by Branislav Mezei.
3:36 of 3rd period - Shot Blocked by Evgeni Malkin.
3:38 of 3rd period - Snap shot by Branislav Mezei.
3:38 of 3rd period - Deflect By Evgeni Malkin.
3:38 of 3rd period - Stopped by Marc-André Fleury without a rebound.
3:39 of 3rd period - Evgeni Malkin wins face-off versus Pavel Datsyuk in Maple Leafs zone.
3:46 of 3rd period - Backhand shot by Evgeni Malkin.
3:46 of 3rd period - Stopped by Rick DiPietro with a rebound.
4:11 of 3rd period - Snap shot by Braydon Coburn.
4:11 of 3rd period - Shot Blocked by Mike York.
4:13 of 3rd period - Wrist shot by Fabian Brunnstrom.
4:13 of 3rd period - Goal by Fabian Brunnstrom - Blue Jackets : 1 - Maple Leafs : 3.
4:14 of 3rd period - Evgeni Malkin wins face-off versus Pavel Datsyuk in neutral zone.
4:20 of 3rd period - Minor Penalty to Pavel Datsyuk for Delaying the game.
4:21 of 3rd period - Evgeni Malkin wins face-off versus Cory Emmerton in Blue Jackets zone.
4:31 of 3rd period - Slapshot by Evgeni Malkin.
4:31 of 3rd period - Stopped by Rick DiPietro with a rebound.
4:47 of 3rd period - Cory Emmerton is hit by Fabian Brunnstrom and loses puck.
6:20 of 3rd period - Penalty to Pavel Datsyuk is over, Pavel Datsyuk is back on ice.
7:14 of 3rd period - Martin Havlat is hit by Zac Dalpe.
7:56 of 3rd period - Wrist shot by Michael Grabner.
7:56 of 3rd period - Shot Blocked by Brooks Orpik.
8:31 of 3rd period - Off-side.
8:32 of 3rd period - Rob Schremp wins face-off versus Dave Steckel in neutral zone.
8:36 of 3rd period - Minor Penalty to Marcus Nilson for High sticking.
8:37 of 3rd period - Evgeni Malkin wins face-off versus Pavel Datsyuk in Blue Jackets zone.
8:53 of 3rd period - Wrist shot by Evgeni Malkin.
8:53 of 3rd period - Goal by Evgeni Malkin - Blue Jackets : 1 - Maple Leafs : 4.
8:54 of 3rd period - Evgeni Malkin wins face-off versus Patric Hornqvist in neutral zone.
9:08 of 3rd period - Slapshot by Pavel Datsyuk.
9:08 of 3rd period - Shot Blocked by Claude Giroux.
9:58 of 3rd period - Icing by Michael Grabner.
9:59 of 3rd period - Rob Schremp wins face-off versus Pavel Datsyuk in Maple Leafs zone.
10:04 of 3rd period - Wrist shot by Patric Hornqvist.
10:04 of 3rd period - Stopped by Marc-André Fleury with a rebound.
12:39 of 3rd period - Icing by Marc-Édouard Vlasic.
12:40 of 3rd period - Evgeni Malkin wins face-off versus Andreas Nodl in Maple Leafs zone.
12:50 of 3rd period - Branislav Mezei is hit by Marc-Édouard Vlasic and loses puck.
12:59 of 3rd period - Snap shot by Claude Giroux.
12:59 of 3rd period - Shot Misses the Net.
13:03 of 3rd period - Wrist shot by Evgeni Malkin.
13:03 of 3rd period - Stopped by Rick DiPietro with a rebound.
13:05 of 3rd period - Wrist shot by Claude Giroux.
13:05 of 3rd period - Shot Misses the Net.
13:07 of 3rd period - Snap shot by Alexander Frolov.
13:07 of 3rd period - Stopped by Rick DiPietro with a rebound.
13:33 of 3rd period - Wrist shot by Evgeni Malkin.
13:33 of 3rd period - Stopped by Rick DiPietro without a rebound.
13:34 of 3rd period - Jordan Staal wins face-off versus Pavel Datsyuk in Blue Jackets zone.
13:43 of 3rd period - Wrist shot by Jordan Staal.
13:43 of 3rd period - Shot Blocked by Pavel Datsyuk.
13:48 of 3rd period - Off-side.
13:49 of 3rd period - Jordan Staal wins face-off versus Pavel Datsyuk in neutral zone.
13:49 of 3rd period - Jordan Staal is hit by Branislav Mezei.
13:52 of 3rd period - Fabian Brunnstrom is hit by Branislav Mezei and loses puck.
13:59 of 3rd period - Snap shot by Patric Hornqvist.
13:59 of 3rd period - Shot Misses the Net.
14:01 of 3rd period - Snap shot by Pavel Datsyuk.
14:01 of 3rd period - Stopped by Marc-André Fleury without a rebound.
14:02 of 3rd period - Pavel Datsyuk wins face-off versus Evgeni Malkin in Maple Leafs zone.
14:07 of 3rd period - Wrist shot by Patric Hornqvist.
14:07 of 3rd period - Stopped by Marc-André Fleury without a rebound.
14:08 of 3rd period - Evgeni Malkin wins face-off versus Patric Hornqvist in Maple Leafs zone.
14:58 of 3rd period - Off-side.
14:59 of 3rd period - Jordan Staal wins face-off versus Jan Bulis in neutral zone.
15:05 of 3rd period - Minor Penalty to Martin Havlat for Cross-checking.
15:06 of 3rd period - Evgeni Malkin wins face-off versus Pavel Datsyuk in Blue Jackets zone.
15:30 of 3rd period - Branislav Mezei is hit by Jordan Staal and loses puck.
16:09 of 3rd period - Wrist shot by Jordan Staal.
16:09 of 3rd period - Shot Misses the Net.
16:27 of 3rd period - Snap shot by Colby Armstrong.
16:27 of 3rd period - Shot Blocked by Pavel Datsyuk.
16:29 of 3rd period - Slapshot by Taylor Chorney.
16:29 of 3rd period - Stopped by Rick DiPietro with a rebound.
16:31 of 3rd period - Snap shot by Jordan Staal.
16:31 of 3rd period - Shot Misses the Net.
16:33 of 3rd period - Wrist shot by Fabian Brunnstrom.
16:33 of 3rd period - Goal by Fabian Brunnstrom - Blue Jackets : 1 - Maple Leafs : 5.
16:34 of 3rd period - Evgeni Malkin wins face-off versus Jan Bulis in neutral zone.
16:57 of 3rd period - Minor Penalty to Martin Havlat for Roughing.
16:58 of 3rd period - Evgeni Malkin wins face-off versus Pavel Datsyuk in Blue Jackets zone.
18:13 of 3rd period - François Beauchemin is hit by Braydon Coburn and loses puck.
18:57 of 3rd period - Penalty to Martin Havlat is over, Martin Havlat is back on ice.
19:15 of 3rd period - Mike York is hit by Michael Grabner and loses puck.
19:16 of 3rd period - Mike York from Blue Jackets is injured at 19:16 of 3rd period (Bruised Right Shoulder).
19:17 of 3rd period - Evgeni Malkin wins face-off versus Pavel Datsyuk in Blue Jackets zone.
Goals for this period are 1 for Blue Jackets vs 4 for Maple Leafs.
Shots for this period are 7 for Blue Jackets vs 10 for Maple Leafs.